Map: Dusk Towers

Players

LilDicky

  • Race: Terran Terran
  • League: Diamond

Blink - Winner!

  • Race: Zerg Zerg
  • League: Diamond

VOD

http://www.twitch.tv/tumescentpie

Description

Time

  • Played on: Dec. 7, 2015, 9:37 p.m.
  • Length: 11:12
Show
View Real Time Build Order
Export as new Build Order

LilDicky Terran 

Build Orders: 1/1/1, Liberator Opening, Mech 

Get SALT Encoding   

  12  0:01  SCV  
  13  0:13  SCV  
  14  0:17  Supply Depot  
  14  0:25  SCV  
  15  0:32  Refinery  
  15  0:39  SCV  
  16  0:45  Barracks  
  16  0:53  SCV  
  17  1:00  Refinery  
  17  1:05  SCV  
  18  1:18  SCV  
  19  1:30  SCV  
  19  1:32  Supply Depot, Marine  
  21  1:37  Factory  
  21  1:47  Orbital Command  
  21  1:52  Barracks Reactor  
  21  2:13  SCV  
  22  2:20  Armory  
  22  2:22  Starport  
  22  2:26  Factory Tech Lab, SCV  
  23  2:30  Marine  
  23  2:32  Marine  
  25  2:38  Supply Depot  
  25  2:42  SCV  
  26  2:51  Marine  
  26  2:54  SCV  
  28  3:10  Thor  
  28  3:11  SCV  
  35  3:16  Medivac  
  35  3:17  Marine  
  35  3:19  Marine  
  39  3:29  Liberator  
  39  3:35  Supply Depot  
  39  3:40  SCV  
  40  3:43  Marine x2  
  45  3:52  SCV  
  46  4:00  Marine  
  47  4:03  Supply Depot  
  47  4:05  SCV  
  48  4:10  Siege Tank  
  51  4:17  Marine  
  51  4:18  Marine  
  51  4:24  SCV  
  54  4:30  Supply Depot  
  54  4:33  Liberator  
  60  5:18  Thor  
  63  5:23  Command Center  
  63  5:25  SCV  
  63  5:27  Supply Depot  
  64  5:37  Refinery  
  64  5:39  Refinery  
  39  6:13  SCV  
  40  6:19  Factory  
  40  6:20  Command Center  
  40  6:25  SCV  
  41  6:31  Supply Depot  
  41  6:37  SCV, Orbital Command  
  42  6:41  Thor  
  42  6:43  Starport Reactor  
  42  6:44  Marine x2  
  50  6:49  SCV  
  51  7:00  Terran Vehicle And Ship Armor Level 1  
  51  7:01  SCV  
  51  7:02  Liberator x2  
  51  7:03  Supply Depot  
  51  7:08  Factory Reactor  
  52  7:14  SCV  
  52  7:15  SCV  
  54  7:16  Supply Depot  
  60  7:23  Marine  
  61  7:40  SCV  
  61  7:42  Orbital Command  
  62  7:44  Thor  
  62  7:46  Hellion  
  62  7:47  Hellion  
  62  7:51  Marine x2  
  73  7:52  SCV  
  75  8:07  Orbital Command  
  75  8:15  Liberator  
  75  8:16  SCV x2  
  77  8:21  Engineering Bay  
  77  8:22  Hellion  
  77  8:23  Hellion, Refinery  
  77  8:27  Refinery  
  81  8:28  SCV  
  81  8:29  SCV  
  86  8:35  SCV  
  86  8:38  Marine  
  86  8:39  Marine  
  89  8:50  Missile Turret  
  89  8:52  Liberator  
  89  8:55  Hellion x2  
  93  8:56  Infernal Pre-Igniter  
  93  8:58  Missile Turret  
  93  9:05  Thor  
  93  9:07  SCV  
  103  9:18  Factory  
  103  9:19  Liberator  
  103  9:21  SCV  
  103  9:22  SCV x2  
  106  9:33  SCV  
  106  9:34  Hellion x2  
  106  9:38  SCV x2  
  116  9:49  Command Center  
  116  9:52  Liberator  
  116  10:00  Marine  
  116  10:01  Marine  
  116  10:04  Thor  
  116  10:05  Factory Tech Lab  
  128  10:07  Hellbat x2  
  128  10:10  SCV  
  132  10:16  Supply Depot  
  132  10:17  Supply Depot  
  132  10:18  Marine  
  132  10:19  Supply Depot  
  132  10:21  SCV x2  
  134  10:26  Marine  
Show
View Real Time Build Order
Export as new Build Order

Blink Zerg - Winner!

Build Orders: Hatch First 

Get SALT Encoding   

  12  0:01  Drone  
  13  0:12  Overlord  
  13  0:18  Drone  
  14  0:30  Drone x2  
  14  0:35  Drone  
  17  0:54  Hatchery  
  16  0:59  Drone  
  16  1:00  Drone  
  18  1:14  Spawning Pool  
  18  1:16  Drone  
  18  1:21  Extractor  
  18  1:22  Drone  
  18  1:28  Drone  
  19  1:40  Overlord  
  19  1:50  Drone  
  20  2:00  Queen  
  22  2:01  Zergling x2  
  22  2:07  Drone  
  24  2:09  Queen  
  24  2:11  Drone  
  27  2:17  Zergling x2  
  28  2:23  Metabolic Boost  
  28  2:29  Drone, Overlord  
  29  2:32  Drone  
  30  2:39  Drone  
  30  2:40  Queen  
  33  2:45  Drone  
  33  2:47  Queen  
  36  2:53  Drone  
  36  2:57  Drone  
  38  3:01  Drone  
  39  3:05  Drone  
  39  3:10  Overlord  
  39  3:12  Drone x3  
  43  3:22  Overlord  
  43  3:23  Zergling x2  
  43  3:30  Zergling x8  
  47  3:45  Overlord  
  47  3:47  Zergling x2  
  47  3:48  Zergling x4  
  50  3:57  Overlord x2  
  50  4:01  Drone x3  
  53  4:07  Spore Crawler x2  
  53  4:09  Spine Crawler  
  50  4:11  Spine Crawler  
  50  4:13  Overlord  
  50  4:14  Zergling x2  
  50  4:16  Queen x2  
  54  4:26  Overlord  
  54  4:37  Drone  
  54  4:38  Drone x6  
  61  4:44  Hatchery  
  59  4:54  Lair  
  59  5:05  Zergling x8  
  63  5:16  Zergling x4  
  65  5:28  Zergling x10  
  69  5:29  Baneling Nest  
  68  5:36  Overlord  
  68  5:41  Extractor x2  
  66  5:48  Zergling x6  
  64  6:00  Extractor  
  62  6:04  Overseer  
  62  6:06  Drone  
  62  6:07  Drone x4  
  62  6:16  Drone  
  62  6:17  Drone x3  
  66  6:20  Spire  
  65  6:33  Pneumatized Carapace  
  65  6:40  Overseer  
  65  6:43  Hatchery  
  64  6:48  Drone x9  
  74  6:58  Roach Warren  
  73  7:06  Overlord x2  
  73  7:11  Overlord x2  
  73  7:12  Drone  
  74  7:18  Drone  
  74  7:19  Drone x3  
  78  7:23  Centrifical Hooks  
  78  7:31  Extractor  
  78  7:34  Extractor  
  75  7:38  Roach x3  
  75  7:39  Roach x3  
  75  7:41  Glial Reconstitution  
  75  7:43  Roach  
  89  7:54  Roach  
  89  7:55  Roach x3  
  89  7:58  Overseer  
  97  8:04  Roach x4  
  97  8:05  Roach  
  107  8:10  Evolution Chamber  
  106  8:13  Drone x3  
  106  8:14  Evolution Chamber  
  108  8:22  Drone x5  
  108  8:26  Overlord x2  
  110  8:36  Ravager x4  
  110  8:39  Zerg Missile Weapons Level 1, Zerg Ground Armor Level 1  
  114  8:44  Hatchery  
  114  8:46  Roach x11  
  135  8:48  Ravager  
  136  8:58  Overlord x3  
  136  9:07  Ravager x4  
  136  9:09  Overlord, Zergling x2  
  141  9:10  Overlord x2  
  141  9:15  Zergling x2  
  141  9:16  Zergling x6  
  145  9:21  Overseer  
  145  9:29  Ravager x4  
  145  9:30  Zergling x12  
  145  9:31  Zergling x8  
  159  9:42  Overlord, Zergling x2  
  159  9:43  Zergling x12  
  166  9:52  Zergling x6  
  169  10:03  Baneling x3  
  169  10:04  Baneling x13  
  169  10:06  Baneling x10  
  169  10:07  Zergling x10  
  169  10:08  Zergling x6  
  177  10:14  Zergling x4  
  177  10:15  Zergling x6  
  173  10:40  Zergling x2  
  173  10:41  Zergling x36  
  144  10:49  Roach x3  
Tags
 
Add a new tag
Caveats
  • Supply blocks, unpowered buildings, or Contaminate may cause inaccurate times.
  • Supply counts are checked every 10 seconds.